 Dungeon Crawl Stone Soup version 0.17-a0-4-gb793c6d (webtiles) character file.

207 Psiweapon the Bolt Thrower (level 6, 2/35 HPs)
             Began as a Kobold Hunter on Mar 4, 2015.
             Quit the game on level 3 of the Dungeon.
             The game lasted 00:09:55 (3289 turns).

Psiweapon the Bolt Thrower (Kobold Hunter)          Turns: 3289, Time: 00:09:55

Health: 2/35       AC:  5    Str: 10    XL:     6   Next: 10%
Magic:  6/6        EV: 13    Int:  9    God:
Gold:   159        SH:  0    Dex: 19    Spells: 2 memorised, 2 levels left

rFire  . . .     SeeInvis .     b - +1 hand crossbow
rCold  . . .     Clarity  +     w - +0 ring mail
rNeg   . . .     SustAb   .     (no shield)
rPois  .         Gourm    .     (no helmet)
rElec  .         Spirit   .     (no cloak)
rCorr  .         Warding  .     (no gloves)
rMut   .         Stasis   .     (no boots)
MR     .....                    o - amulet of clarity
Stlth  +++.......               (no ring)
                                (no ring)

@: not resistant to hostile enchantments, fairly stealthy
A: carnivore 3
a: no special abilities


You were on level 3 of the Dungeon.
You were not hungry.

You visited 1 branch of the dungeon, and saw 3 of its levels.

You collected 159 gold pieces.

Inventory:

Hand weapons
 a - a +0 short sword
 b - a +1 hand crossbow (weapon)
 x - a +0 blowgun
 z - a +0 dagger of speed
Missiles
 c - 21 bolts (quivered)
 n - 8 needles of sleeping
 p - 23 poisoned needles
Armour
 d - a +0 leather armour
 w - a +0 ring mail (worn)
Jewellery
 o - an amulet of clarity (around neck)
Magical devices
 r - a wand of slowing (24)
Scrolls
 e - 2 scrolls of identify {unknown}
 h - a scroll of random uselessness
 i - a scroll of immolation {unknown}
 l - a scroll of enchant armour {unknown}
 m - 2 scrolls of magic mapping
 s - a scroll of fog {unknown}
 t - a scroll of noise {unknown}
 v - a scroll of teleportation {unknown}
 y - a scroll of remove curse {unknown}
Potions
 g - 2 potions of lignification {unknown}
 j - 2 potions of heal wounds {unknown}
 k - a potion of resistance {unknown}
 u - a potion of curing
Books
 q - a book of Maledictions

   Spells                             Type                      Level
   a - Corona                         Hexes                        1
   b - Sure Blade                     Hexes/Charms                 2
   c - Ensorcelled Hibernation        Hexes/Ice                    2
   d - Confuse                        Hexes                        3
   e - Dazzling Spray                 Conjuration/Hexes            3
   f - Enslavement                    Hexes                        4
Comestibles
 f - a meat ration


   Skills:
 - Level 2.1 Fighting
 + Level 6.7 Crossbows
 - Level 2.4 Dodging
 + Level 5.7 Stealth


You had 2 spell levels left.
You knew the following spells:

 Your Spells              Type           Power        Failure   Level  Hunger
a - Ensorcelled Hibernat  Hex/Ice        #.....       98%         2    ###....
b - Corona                Hex            #......      90%         1    ##.....


Dungeon Overview and Level Annotations

Branches:
Dungeon (3/15)

Altars:
Cheibriados
The Shining One


Innate Abilities, Weirdness & Mutations

You are small and have problems with some larger weapons.
You are carnivorous and can eat meat at any time.


Message History

Eat a chunk of flesh? (ye/n/q/i?) This raw flesh tastes great.
You continue eating. x2
There is a stone staircase leading down here.
You climb downwards.
The orc priest misses you. The orc priest barely misses you.
The orc priest hits you with a falchion of slicing.
There is a stone staircase leading up here.
Read which item? (? for menu, Esc to quit)
As you read the scroll labeled YDWUEN IKKO, it crumbles to dust.
You feel aware of your surroundings.
It was a scroll of magic mapping.
The orc priest hits you but does no damage.
Read which item? (? for menu, Esc to quit)
As you read the scroll labeled STAHOXTESIC, it crumbles to dust.
The dust glows dull silver!
It was a scroll of random uselessness.
The orc priest hits you with a falchion of slicing!
The orc priest calls down the wrath of Beogh upon you.
Something smites you!
* * * LOW HITPOINT WARNING * * *
Are you sure you want to abandon this character and quit the game? (Confirm with "yes".)

,,,,*,*,,,,##+**#.(.....#........
***,*,,,,,,**,* #.(.(...#........
,,,,*,,,,,,**,###....(..#........
,,,,,,,,,,**#,#.....(.#.#........
*****,,,,,,*#.#%..(.((#.#.......!
*,,,,,,,,,,*#.#...((..#o#...!....
*,,,,,,,,,,*,.....(.,,*,#......?.
*,,,,,,,,,,*,,#.oo#**,*,#.....#'#
*,,,,,,,,,,*,,#.@.# *,*,*,*...,,,
*,,,,,,,,*,,,,##### *,*,***,,,,,,
**********,,,,* *,,,*,,,,,,,, *
*,,,,***********,*,,,,,, *
*,,,,+,,,,,,,,,,,******* *
*,,,,************* * *,,,,* *
*,,,>* * **,,,,****


You could see 2 orc priests.

Vanquished Creatures
  Sigmund (D:2)
  An orc wizard (D:3)
  An orc priest (D:3)
  3 adders
  A gnoll (D:2)
  A giant gecko (D:2)
  An ooze (D:2)
  3 orcs (D:3)
  3 bats
  4 giant cockroaches
  5 hobgoblins
  2 jackals (D:1)
  4 kobolds
  3 giant newts
  A goblin (D:2)
  13 rats
47 creatures vanquished.

Notes
Turn   | Place    | Note
--------------------------------------------------------------
     0 | D:1      | Psiweapon, the Kobold Hunter, began the quest for the Orb.
     0 | D:1      | Reached XP level 1. HP: 12/12 MP: 1/1
   156 | D:1      | Reached skill level 5 in Crossbows
   206 | D:1      | Reached XP level 2. HP: 17/17 MP: 2/2
   936 | D:1      | Reached XP level 3. HP: 21/21 MP: 3/3
  1105 | D:2      | Noticed Sigmund
  1129 | D:2      | Killed Sigmund
  1129 | D:2      | Reached skill level 6 in Crossbows
  1129 | D:2      | Reached XP level 4. HP: 9/26 MP: 4/4
  1129 | D:2      | Reached XP level 5. HP: 10/30 MP: 5/5
  1548 | D:2      | Learned a level 2 spell: Ensorcelled Hibernation
  1554 | D:2      | Learned a level 1 spell: Corona
  1599 | D:2      | Found a glowing golden altar of the Shining One.
  1687 | D:2      | Found a snail-covered altar of Cheibriados.
  2775 | D:3      | Reached skill level 5 in Stealth
  2952 | D:3      | Reached XP level 6. HP: 35/35 MP: 6/6
  3289 | D:3      | Quit the game

Action                   |  1- 3 |  4- 6 || total
-------------------------+-------+-------++-------
Melee: Short sword       |    19 |    37 ||    56
 Fire: Hand crossbow     |    53 |    57 ||   110
  Use: Potion            |     1 |       ||     1
       Scroll            |       |     2 ||     2
  Eat: Chunk             |     7 |     3 ||    10
